 Dungeon Crawl Stone Soup version 0.31.0-9-g3a7656b989 (webtiles) character file.

Game seed: 4514583843708694173

97 qw the Shooter (level 4, 0/25 HPs)
             Began as a Deep Elf Hunter on Feb 2, 2024.
             Slain by a goblin
             ... wielding a +0 club
             ... led by Robin
              (5 damage)
             ... on level 3 of the Dungeon.
             The game lasted 00:00:05 (1476 turns).

qw the Shooter (Deep Elf Hunter)                    Turns: 1476, Time: 00:00:06

Health: 0/25       AC:  3    Str: 10    XL:     4   Next: 42%
Magic:  6/6        EV: 12    Int: 14    God:
Gold:   89         SH:  0    Dex: 18    Spells: 3/3 levels left

rFire   . . .        a - +1 shortbow
rCold   . . .        (shield currently unavailable)
rNeg    . . .        c - +0 leather armour
rPois   .            (no helmet)
rElec   .            (no cloak)
rCorr   .            (no gloves)
SInv    .            (no boots)
Will    .....        (no amulet)
Stlth   ++           (no ring)
HPRegen 0.24/turn    (no ring)
MPRegen 0.10/turn

%: no passive effects
@: no status effects
A: no striking features
a: no special abilities


You were on level 3 of the Dungeon.
You visited 1 branch of the dungeon, and saw 3 of its levels.

You collected 89 gold pieces.


   Skills:
 - Level 1.5 Fighting
 + Level 7.8 Ranged Weapons
 - Level 2.4 Dodging
 - Level 1.2 Stealth


You had 3 spell levels left.
You didn't know any spells.
Your spell library was empty.

Inventory:

Hand Weapons
 a - a +1 shortbow (weapon)
Armour
 c - a +0 leather armour (worn)
Scrolls
 b - a scroll of fog {unknown}
 e - 3 scrolls of revelation {unknown}
 g - a scroll of identify {unknown}
Potions
 d - a potion of haste {unknown}
 f - 3 potions of curing
 h - a potion of might {unknown}
 i - a potion of resistance {unknown}
 j - a potion of attraction {unknown}

Dungeon Overview and Level Annotations

Branches:
Dungeon (3/15)

Altars:
Fedhas


Message History

A goblin comes into view. It is wielding a +0 club.
You shoot an arrow. The arrow closely misses Robin.
The arrow hits the goblin!
You kill the goblin!
A goblin comes into view. It is wielding a +0 club.
Robin roars a battlecry!
The goblins go into a battle-frenzy!
You shoot an arrow. The arrow barely misses the goblin.
A goblin comes into view. It is wielding a +0 club.
You shoot an arrow. The arrow hits the goblin!
You kill the goblin!
Robin throws the goblin at you! The goblin barely misses you.
You shoot an arrow. The arrow hits the goblin.
The goblin is severely wounded.
The goblin hits you but does no damage.
You shoot an arrow. The arrow hits the goblin.
You kill the goblin!
The goblin hits you but does no damage.
You shoot an arrow. The arrow hits the goblin.
You kill the goblin!
You shoot an arrow.
The arrow hits Robin but does no damage.
Robin is heavily wounded.
Robin throws the goblin at you! The goblin closely misses you.
You shoot an arrow. The arrow hits Robin.
Robin is heavily wounded.
Robin barely misses you. The goblin barely misses you.
You shoot an arrow. The arrow hits Robin.
Robin is almost dead.
Robin hits you with a +0 dagger. The goblin barely misses you.
You shoot an arrow. The arrow barely misses Robin.
Robin hits you with a +0 dagger. The goblin closely misses you.
You shoot an arrow. The arrow barely misses Robin.
Robin barely misses you. The goblin hits you with a +0 club.
You shoot an arrow. The arrow hits Robin.
Robin is almost dead.
Robin hits you with a +0 dagger. The goblin hits you with a +0 club.
You shoot an arrow. The arrow hits Robin.
You kill Robin!
The goblin hits you but does no damage. The goblin hits you with a +0 club.
You die...

#)#...#....)#.#.#.#
######.#....#.#.#.#.#.#.
#.........%#.#.#.#.#.#.#
#......#..#.#.#.#.#.#.#.
#.......##.#.#.#.#.#.#.#
#.......###.#.#.#.#.#.#.
#.......# ####..#######.
#.....g.# ##.# #.
#......@# #.# ##
#......)# #.# #...####)
#.######## #### ..
.........# ...
.).#####.# .).. ...
###.# ...). #.... ....##
#.##. #.###


You could see a goblin (strong).

Vanquished Creatures
  Robin (D:3)
  4 adders
  3 dart slugs
  6 ball pythons
  4 endoplasms
  2 giant cockroaches (D:2)
  11 goblins
  5 hobgoblins
  4 jackals (D:3)
  2 quokkas (D:1)
  2 bats (D:1)
  2 frilled lizards
  4 kobolds
  3 rats
53 creatures vanquished.

Notes
Turn   | Place    | Note
-------+----------+-------------------------------------------
     0 | D:1      | qw the Deep Elf Hunter began the quest for the Orb.
     0 | D:1      | Reached XP level 1. HP: 12/12 MP: 3/3
     0 | D:1      | 0 ||| qw: Version: 0.3-a-155-g5e7d8dd
     0 | D:1      | 0 ||| qw: Game counter: 1545
     0 | D:1      | 0 ||| qw: Melee chars always use a shield: true
     0 | D:1      | 0 ||| qw: God list: Okawaru
     0 | D:1      | 0 ||| qw: Allow faded altars: false
     0 | D:1      | 0 ||| qw: Do Orc after clearing Dungeon:15 true
     0 | D:1      | 0 ||| qw: Do second Lair branch before Depths: true
     0 | D:1      | 0 ||| qw: Lair rune preference: random
     0 | D:1      | 0 ||| qw: Goals: Normal
     0 | D:1      | 0 ||| PLANNING D:1-11
    88 | D:1      | Reached skill level 6 in Ranged Weapons
    88 | D:1      | Reached XP level 2. HP: 16/16 MP: 4/4
   535 | D:1      | 535 ||| READING scroll labelled MUGITTIGUO.
   535 | D:1      | 535 ||| ENCHANTING +0 shortbow.
   536 | D:1      | 536 ||| READING scroll labelled ASIRAU KATOMN.
   536 | D:1      | 536 ||| ENCHANTING +1 shortbow.
   537 | D:1      | 537 ||| DRINKING 2 metallic green potions.
   538 | D:1      | 538 ||| DROPPING scroll of butterflies.
   575 | D:2      | Reached XP level 3. HP: 20/20 MP: 5/5
   596 | D:2      | Found a blossoming altar of Fedhas.
   641 | D:2      | Reached skill level 7 in Ranged Weapons
   663 | D:2      | Found a faded altar of an unknown god.
  1001 | D:2      | Reached XP level 4. HP: 25/25 MP: 6/6
  1075 | D:2      | 1075 ||| READING scroll labelled OQAOB ZAGIM.
  1076 | D:2      | 1076 ||| READING scroll labelled TEBAMOFAPS.
  1177 | D:2      | 1177 ||| READING scroll labelled KIURRA KUPHOUS.
  1179 | D:2      | 1179 ||| Stepping ~*~*~tactically~*~*~ (cloud).
  1461 | D:3      | Noticed Robin
  1475 | D:3      | HP: 5/25 [goblin/+0 club[Robin] (5)]
  1476 | D:3      | Killed Robin
  1476 | D:3      | Slain by a goblin

Levels and vault maps discovered:
D:1:      minmay_arrival_four_loops, layout_rooms
D:2:      layout_loops_ring, basic_altar, nicolae_ecumenical_snake_handling
D:3:      layout_basic, nicolae_tso_swordbearing_angel,
          nicolae_wu_jian_immortal_techniques, uniq_robin

Skill      XL: |  1  2  3 |
---------------+----------+-----
Ranged Weapons | 6 7 |  7.8
Fighting       | |  1.5
Dodging        | |  2.4
Stealth        | |  1.2

Action                     |  1- 3 |  4- 6 || total
---------------------------+-------+-------++-------
   Fire: Shortbow          |    96 |    46 ||   142
    Use: Scroll            |     2 |     3 ||     5
         Potion            |     1 |       ||     1
 Armour: Leather armour    |    14 |    20 ||    34
  Dodge: Dodged            |    13 |    23 ||    36

Table legend:
 A = Non-vault XP
 B = Vault XP
 C = Vault XP percentage of total XP
 D = Non-vault monster count
 E = Vault monster count
 F = Vault count percentage of total count
                 A         B        C        D         E       F
            +---------+---------+-------+---------+---------+-------
      Total |     105 |      49 |  31.8 |      38 |      15 |  28.3
            +---------+---------+-------+---------+---------+-------
        D:1 |      33 |       0 |   0.0 |      19 |       0 |   0.0
        D:2 |      45 |      19 |  29.7 |      12 |       5 |  29.4
        D:3 |      27 |      30 |  52.6 |       7 |      10 |  58.8
            +---------+---------+-------+---------+---------+-------
